 Seeded DCSS version 0.30-a0-739-gea05faddec (webtiles) character file.

Game seed: 5430720872467839093 (custom seed)

43 purpskrrrp the Chopper (level 3, -6/33 HPs)
             Began as a Hill Orc Monk on Feb 5, 2023.
             Mangled by a gnoll
             ... wielding a +0 whip
              (11 damage)
             ... on level 2 of the Dungeon.
             The game lasted 00:01:51 (1480 turns).

purpskrrrp the Chopper (Hill Orc Monk)              Turns: 1480, Time: 00:01:51

Health: -6/33      AC:  2    Str: 21    XL:     3   Next: 58%
Magic:  4/4        EV: 12    Int: 10    God:
Gold:   69         SH:  0    Dex: 13    Spells: 2/2 levels left

rFire   . . .      SeeInvis .    a - +0 hand axe (chaos)
rCold   . . .      Faith    .    (no shield)
rNeg    . . .      Spirit   .    b - +0 robe
rPois   .          Reflect  .    (no helmet)
rElec   .          Harm     .    (no cloak)
rCorr   .          Rampage  .    (no gloves)
Will    .....                    (no boots)
Stlth   ++                       (no amulet)
HPRegen 0.25/turn                l - +6 ring of strength
MPRegen 0.09/turn                (no ring)

@: no status effects
A: no striking features
a: no special abilities


You were on level 2 of the Dungeon.
You visited 1 branch of the dungeon, and saw 2 of its levels.

You collected 69 gold pieces.

Inventory:

Hand Weapons
 a - a +0 hand axe of chaos (weapon)
Armour
 b - a +0 robe (worn)
Jewellery
 l - a +6 ring of strength (left hand)
Scrolls
 e - a scroll of teleportation {unknown}
 g - 3 scrolls of amnesia {unknown}
 i - a scroll of noise {unknown}
 j - a scroll of identify {unknown}
 k - a scroll of torment {unknown}
 m - 3 scrolls of acquirement {unknown}
 n - a scroll of enchant armour {unknown}
Potions
 c - a potion of ambrosia
 d - a potion of mutation {unknown}
 f - a potion of attraction {unknown}


   Skills:
 + Level 4.0 Fighting
 * Level 4.9 Axes
 - Level 2.4 Dodging
 - Level 1.5 Stealth
 * Level 2.4 Invocations


You had 2 spell levels left.
You didn't know any spells.
Your spell library was empty.

Dungeon Overview and Level Annotations

Branches:
Dungeon (2/15)

Altars:


Message History

No target in view!
No target in view!
No target in view!
No target in view!
No target in view!
No target in view!
No target in view!
No target in view!
No target in view!
No target in view!
No target in view!
No target in view!
No target in view!
You now have 69 gold pieces (gained 9).
n - a scroll labelled YMAALE IKAA A gnoll comes into view.
It is wielding a +0 flail.
A gnoll is nearby!
A gnoll is nearby!
A gnoll is nearby!
A gnoll comes into view. It is wielding a +0 whip.
The gnoll shouts!
A gnoll comes into view. It is wielding a +0 club.
The gnoll shouts! x2
You hit the gnoll.
The gnoll goes berserk!
The gnoll is moderately wounded.
You hit the gnoll. You burn the gnoll. The gnoll hits you with a +0 club.
The gnoll hits you with a +0 whip.
You hit the gnoll but do no damage.
The gnoll is poisoned.
The gnoll is moderately wounded.
You hit the gnoll but do no damage. You hit the gnoll.
The gnoll hits you with a +0 whip! The gnoll closely misses you.
The gnoll hits you with a +0 flail!
* * * LOW HITPOINT WARNING * * *
The gnoll misses you.
You feel better. The gnoll hits you with a +0 flail.
* * * LOW HITPOINT WARNING * * *
The gnoll misses you. The gnoll hits you with a +0 whip.
* * * LOW HITPOINT WARNING * * *
The gnoll attacks as you move away! The gnoll hits you with a +0 whip!
You die...

# #### .#
...##.#
#....##
#gg#..#..
###@g......
#...##.....
#.#.# ...
#.#.#### #
. #....# ##
####.#
#....####
#.##....#
.#....)..##


You could see 3 gnolls.

Vanquished Creatures
  An adder (D:2)
  3 bats
  4 endoplasms
  2 hobgoblins
  4 jackals (D:1)
  5 kobolds
  2 quokkas (D:1)
  2 ball pythons (D:1)
  A frilled lizard (D:2)
  4 goblins
  A rat (D:1)
29 creatures vanquished.

Notes
Turn   | Place    | Note
-------+----------+-------------------------------------------
     0 | D:1      | purpskrrrp the Hill Orc Monk began the quest for the Orb.
     0 | D:1      | Reached XP level 1. HP: 19/19 MP: 1/1
    83 | D:1      | Reached skill level 1 in Invocations
    90 | D:1      | Reached XP level 2. HP: 6/27 MP: 2/2
  1082 | D:1      | Reached XP level 3. HP: 12/33 MP: 4/4
  1480 | D:2      | Mangled by a gnoll

Illustrated notes

Levels and vault maps discovered:
D:1:      dpeg_arrival_boxes_within_box, layout_basic
D:2:      layout_loops_ring, serial_shops, shop, nicolae_kite_square_tiling_tiny

Skill      XL: |  1  2  3 |
---------------+----------+-----
Invocations    | 1 2 |  2.4
Fighting       | 4 |  4.0
Axes           | |  4.9
Dodging        | |  2.4
Stealth        | |  1.5

Action                     || total
---------------------------++-------
  Melee: Hand axe          ||   109
    Use: Potion            ||     2
         Scroll            ||     1
   Stab: Sleeping          ||     2
 Armour: Robe              ||    22
  Dodge: Dodged            ||    87

Table legend: (Time is in decaauts)
 A = Elapsed time spent in this place.
 B = Non-inter-level travel time spent in this place.
 C = Inter-level travel time spent in this place.
 D = Time resting spent in this place.
 E = Time spent auto-exploring this place.
 F = Levels seen in this place.
 G = Mean time per level.
                   A        B        C        D        E       F      G
               +--------+--------+--------+--------+--------+-----+--------+
         Total |   1487 |   1417 |     70 |    221 |    946 |   2 |  743.5 |
       Dungeon |   1487 |   1417 |     70 |    221 |    946 |   2 |  743.5 |
               +--------+--------+--------+--------+--------+-----+--------+

Top non-repeatable levels by time:
     D:1: 1293 daAuts
     D:2: 194 daAuts
